Map: Kairos Junction LE

Players

lancelot

  • Race: Zerg Zerg
  • League: Gold
  • Spawn Location: 11:00

MrSaltyWhite - Winner!

  • Race: Terran Terran
  • League: Silver
  • Spawn Location: 5:00

VOD

Have the link to the VOD?

Description

Good TvZ, my cleanest execution

Time

  • Played on: April 29, 2019, 3:41 p.m.
  • Length: 8:48
Show
View Real Time Build Order
Export as new Build Order

lancelot Zerg 

Build Orders: Hatch First 

Get SALT Encoding   

  12  0:13  Drone  
  13  0:15  Overlord  
  13  0:19  Drone  
  14  0:35  Drone  
  15  0:41  Drone  
  16  0:58  Hatchery  
  15  1:05  Drone x2  
  17  1:14  Spawning Pool  
  17  1:15  Drone  
  17  1:30  Extractor  
  17  1:31  Drone x2  
  18  1:41  Drone  
  19  1:52  Drone  
  20  2:01  Queen  
  22  2:11  Queen  
  22  2:12  Drone  
  22  2:14  Zergling x4  
  27  2:23  Extractor  
  26  2:45  Drone x2  
  26  2:47  Overlord x2  
  28  2:59  Roach Warren  
  27  3:07  Drone  
  27  3:08  Drone x4  
  30  3:22  Drone x5  
  35  3:29  Drone  
  35  3:30  Drone x2  
  38  3:34  Extractor  
  38  3:37  Drone x2  
  38  3:38  Lair  
  39  3:46  Drone x2  
  41  3:49  Metabolic Boost  
  41  3:58  Drone x3  
  41  4:00  Overlord x2  
  44  4:07  Extractor  
  43  4:11  Overlord x2  
  43  4:19  Drone x2  
  43  4:20  Drone  
  46  4:29  Roach x3  
  46  4:30  Roach x3  
  58  4:43  Evolution Chamber  
  57  4:48  Spore Crawler  
  56  4:59  Roach x2  
  62  5:00  Roach x3  
  62  5:02  Hydralisk Den  
  65  5:26  Overlord  
  65  5:27  Overlord x2  
  67  5:28  Roach x2  
  67  5:29  Roach  
  71  5:36  Zerg Missile Weapons Level 1  
  71  5:40  Evolution Chamber  
  70  5:48  Infestation Pit  
  70  5:49  Spore Crawler  
  68  5:58  Roach  
  68  5:59  Roach x2  
  68  6:00  Roach x5  
  84  6:08  Zerg Ground Armor Level 1  
  84  6:25  Hydralisk x5  
  86  6:26  Hydralisk x3  
  100  6:36  Muscular Augments  
  72  7:02  Drone  
  72  7:03  Drone x7  
  72  7:05  Overlord  
  80  7:13  Baneling Nest  
  80  7:15  Hive  
  65  7:41  Zergling x2  
  65  7:42  Zergling x10  
  51  7:57  Spine Crawler  
  50  7:59  Spine Crawler  
  26  8:09  Zergling x8  
  26  8:21  Zergling x2  
  26  8:22  Zergling x6  
Show
View Real Time Build Order
Export as new Build Order

MrSaltyWhite Terran - Winner!

Build Orders:  

Get SALT Encoding   

  12  0:01  SCV  
  13  0:16  Supply Depot  
  13  0:17  SCV  
  14  0:29  SCV  
  15  0:40  Barracks  
  15  0:42  SCV  
  16  0:53  Refinery  
  16  0:54  SCV  
  17  1:06  SCV  
  19  1:18  SCV  
  19  1:29  Supply Depot  
  19  1:43  Command Center  
  19  1:48  Barracks Reactor  
  19  1:58  Barracks  
  19  2:02  Orbital Command  
  19  2:38  Marine x2  
  20  2:45  SCV  
  21  2:54  Barracks Tech Lab  
  21  2:56  Marine x2  
  21  2:57  SCV  
  24  2:59  Barracks  
  24  3:03  Supply Depot  
  24  3:09  SCV  
  24  3:13  Marine  
  24  3:14  Marine  
  25  3:21  SCV  
  26  3:27  SCV  
  26  3:33  SCV, Stimpack  
  28  3:34  Marine x2  
  28  3:39  SCV  
  31  3:45  SCV  
  32  3:51  SCV  
  32  3:52  Marine x2  
  35  3:57  SCV  
  35  4:01  Barracks Reactor  
  36  4:04  SCV  
  36  4:08  Factory  
  36  4:09  SCV  
  38  4:10  Marine x2  
  38  4:16  SCV  
  41  4:17  Supply Depot  
  41  4:21  SCV  
  42  4:28  SCV, Marine  
  44  4:38  Marine x3  
  44  4:39  Marine  
  44  4:41  Supply Depot  
  44  4:43  SCV  
  49  4:45  Marine  
  50  4:55  SCV  
  50  4:56  Marine x3  
  50  4:57  Marine, Factory Tech Lab  
  50  4:59  Starport  
  55  5:03  Marine  
  55  5:04  Supply Depot  
  56  5:07  SCV  
  56  5:14  Marine x4  
  57  5:19  SCV  
  57  5:20  Supply Depot  
  62  5:21  Marine  
  63  5:32  Orbital Command, Marine x3  
  66  5:36  Refinery  
  66  5:38  Medivac  
  68  5:47  Supply Depot  
  68  5:48  Marine x2  
  68  5:49  Marine  
  70  5:50  Marine x2  
  73  5:59  Bunker  
  73  6:06  Marine x2  
  73  6:07  Marine x2  
  73  6:08  Marine  
  73  6:10  Siege Tank  
  81  6:23  Marine  
  81  6:24  Marine  
  81  6:25  Marine x3  
  83  6:27  Starport Reactor  
  86  6:33  Supply Depot  
  86  6:41  Marine x2  
  86  6:42  Siege Tank  
  86  6:43  Marine x3  
  89  6:59  Marine x2  
  89  7:01  Marine x2  
  92  7:06  Engineering Bay  
  93  7:14  Combat Shield, Engineering Bay  
  93  7:19  Marine  
  93  7:20  Marine x4  
  74  7:37  Marine x3  
  74  7:38  Marine x2  
  79  7:55  Marine x5  
  80  8:13  Marine x5  
Tags
 
Add a new tag
Caveats
  • Supply blocks, unpowered buildings, or Contaminate may cause inaccurate times.
  • Supply counts are checked every 10 seconds.